 Dungeon Crawl Stone Soup version 0.24-a0-417-g1cce26a4d2 (webtiles) character file.

Game seed: 14595383220941889227

10 Ilgrip the Vexing (level 2, 20/21 HPs)
             Began as a Demonspawn Arcane Marksman on June 11, 2019.
             Quit the game on level 1 of the Dungeon.
             The game lasted 00:00:15 (169 turns).

Ilgrip the Vexing (Demonspawn Arcane Marksman)       Turns: 169, Time: 00:00:15

Health: 20/21      AC:  2    Str: 10    XL:     2   Next: 10%
Magic:  3/3        EV: 12    Int: 14    God:
Gold:   15         SH:  0    Dex: 13    Spells: 2/3 levels left

rFire    . . .     SeeInvis .   a - +0 hunting sling
rCold    . . .     Gourm    .   (no shield)
rNeg     . . .     Faith    .   e - +0 robe
rPois    .         Spirit   .   (no helmet)
rElec    .         Reflect  .   (no cloak)
rCorr    .         Harm     .   (no gloves)
MR       .....                  (no boots)
Stlth    +.........             (no amulet)
HPRegen  0.07/turn              (no ring)
MPRegen  0.08/turn              (no ring)

@: no status effects
A: rot immunity
a: no special abilities


You were on level 1 of the Dungeon.
You were not hungry.

You visited 1 branch of the dungeon, and saw 1 of its levels.

You collected 15 gold pieces.

Inventory:

Hand Weapons
 a - a +0 hunting sling (weapon)
Missiles
 d - 13 sling bullets (quivered)
Armour
 e - a +0 robe (worn)
Scrolls
 c - a scroll of fog {unknown}
 g - a scroll of enchant armour {unknown}
Potions
 h - a potion of mutation {unknown}
Comestibles
 b - a chunk of flesh
 f - a ration


   Skills:
 + Level 1.3 Fighting
 + Level 2.0 Slings
 + Level 1.7 Dodging
 + Level 1.0 Spellcasting
 + Level 3.2 Hexes


You had 2 spell levels left.
You knew the following spells:

 Your Spells              Type           Power        Failure   Level  Hunger
a - Corona                Hex            #......      7%          1    ##.....

Your spell library contained the following spells:

 Spells                   Type           Power        Failure   Level  Hunger
 Slow                     Hex            #.......     11%         2    ###....
 Inner Flame              Hex/Fire       #.......     38%         3    ####...
 Portal Projectile        Hex/Tloc       #.....       38%         3    ####...
 Cause Fear               Hex            #.........   56%         4    #####..
 Leda's Liquefaction      Hex/Erth       #.........   80%         4    #####..


Dungeon Overview and Level Annotations

Branches:
Dungeon (1/15)

Altars:


Innate Abilities, Weirdness & Mutations

You are immune to rotting.


Message History

The sling bullet hits the ooze but does no damage.
The ooze is heavily wounded.
The ooze barely misses you.
An ooze is nearby!
Firing (i - inventory)
d - 15 sling bullets (quivered)
Press: ? - help, Shift-Dir - straight line, f/p - ooze
Aim: an ooze (heavily wounded)
You shoot a sling bullet. The sling bullet hits the ooze.
The ooze is almost dead.
The ooze hits you.
An ooze is nearby!
Firing (i - inventory)
d - 14 sling bullets (quivered)
Press: ? - help, Shift-Dir - straight line, f/p - ooze
Aim: an ooze (almost dead)
You shoot a sling bullet. The sling bullet hits the ooze.
You kill the ooze!
You have reached level 2!
Your demonic ancestry asserts itself...
You feel immune to rotting.
Are you sure you want to abandon this character and quit the game? (Confirm with "yes".)

#.# #.# ... #.# #.#
##.#####.#####.# #.
.....((.......#
#..#. #@#
#..#.#####.#
#..........#
#..........#
#........# #
#+#........#.#
#.#.............#.#
#.#.....#.###.....#
#.#.. #.# ##..#.#


There were no monsters in sight!

Vanquished Creatures
  An ooze (D:1)
  A ball python (D:1)
  A hobgoblin (D:1)
  2 jackals (D:1)
5 creatures vanquished.

Notes
Turn   | Place    | Note
-------+----------+-------------------------------------------
     0 | D:1      | Ilgrip the Demonspawn Arcane Marksman began the quest for
                  | the Orb.
     0 | D:1      | Reached XP level 1. HP: 15/15 MP: 2/2
   168 | D:1      | Gained mutation: You are immune to rotting. [demonic
                  | ancestry]
   168 | D:1      | Reached XP level 2. HP: 20/21 MP: 3/3
   169 | D:1      | Quit the game

Levels and vault maps discovered:
D:1:      scummos_arrival_simple_fountains, layout_basic

Skill      XL: |  1 |
---------------+----+-----
Slings         | 2 |  2.0
Fighting       | |  1.3
Dodging        | |  1.7
Spellcasting   | |  1.0
Hexes          | |  3.2

Action                   || total
-------------------------++-------
 Fire: Hunting sling     ||    18
Armor: Robe              ||     4
Dodge: Dodged            ||     8

Table legend:
 A = Non-vault XP
 B = Vault XP
 C = Vault XP percentage of total XP
 D = Non-vault monster count
 E = Vault monster count
 F = Vault count percentage of total count
                 A         B        C        D         E       F
            +---------+---------+-------+---------+---------+-------
      Total |      15 |       0 |   0.0 |       5 |       0 |   0.0
            +---------+---------+-------+---------+---------+-------
        D:1 |      15 |       0 |   0.0 |       5 |       0 |   0.0
            +---------+---------+-------+---------+---------+-------
